 Seeded DCSS version 0.29-a0-845-g6161e89988 (webtiles) character file.

Game seed: 20220716 (custom seed)

6052 flotson the Trooper (level 10, -5/79 HPs)
             Began as a Demonspawn Delver on July 16, 2022.
             Was an Initiate of Gozag.
             Slain by a large abomination (29 damage)
             ... on level 1 of the Abyss on July 17, 2022.
             The game lasted 00:16:57 (11133 turns).

flotson the Trooper (Demonspawn Delver)            Turns: 11133, Time: 00:16:58

Health: -5/79      AC: 10    Str: 18      XL:     10   Next: 57%
Magic:  10/10      EV: 13    Int:  7 (11) God:    Gozag
Gold:   249        SH: 21    Dex: 24      Spells: 9/9 levels left

rFire   + . .      SeeInvis .   a - +4 hammer of Luskudgh {venom, Drain rPois rC+ Dex+7}
rCold   + . .      Faith    .   i - +0 tower shield "Dined" {Will- Str+3 Dex+2 Stlth+}
rNeg    + . .      Spirit   .   r - +2 robe {rF+}
rPois   +          Reflect  .   y - +1 hat
rElec   .          Harm     .   t - +0 cloak {Stlth+}
rCorr   .          Rampage  .   (no gloves)
Will    .....                   B - +0 pair of boots
Stlth   +++++.....              (no amulet)
HPRegen 0.00/turn               k - ring of positive energy
MPRegen 0.12/turn               K - ring of wizardry

@: inhibited regen, unable to read
A: icy blue scales 1, foul stench 1, condensation shield, demonic touch 2,
inhibited regeneration, weak 1, inability to read while threatened 1
a: Renounce Religion, Potion Petition, Call Merchant, Bribe Branch


You were on level 1 of the Abyss.
You worshipped Gozag.
Gozag was aware of your devotion.
You visited 2 branches of the dungeon, and saw 10 of its levels.
You visited the Abyss 1 time.

You collected 425 gold pieces.
You spent 22 gold pieces at shops.
You paid 154 gold pieces to Gozag.

Inventory:

Hand Weapons
 a - the +4 hammer of Luskudgh (weapon) {venom, Drain rPois rC+ Dex+7}
   (You found it on level 2 of the Dungeon)

   It poisons the flesh of those it strikes.
   Dex:       It affects your dexterity (+7).
   rC:        It protects you from cold.
   rPois:     It protects you from poison.
   Drain:     It drains your maximum health when unequipped.
Missiles
 v - 2 atropa-tipped darts
 C - 3 javelins (quivered)
 D - 2 throwing nets
 J - a curare-tipped dart
Armour
 i - the +0 tower shield "Dined" (worn) {Will- Str+3 Dex+2 Stlth+}
   (You found it on level 5 of the Dungeon)

   Str:       It affects your strength (+3).
   Dex:       It affects your dexterity (+2).
   Will:      It decreases your willpower.
   Stlth:     It makes you more stealthy.
 j - a scarf of repulsion
 r - a +2 robe of fire resistance (worn)
 t - a +0 cloak of stealth (worn)
 y - a +1 hat (worn)
 B - a +0 pair of boots (worn)
 G - a scarf of resistance
Jewellery
 k - a ring of positive energy (left hand)
 K - a ring of wizardry (right hand)
 M - an amulet of regeneration
 N - a ring of magical power
 O - a ring of ice
Wands
 g - a wand of digging (7)
 u - a wand of charming (25)
 I - a wand of iceblast (2)
 L - a wand of mindburst (28)
 P - a wand of polymorph (10)
Scrolls
 b - a scroll of acquirement {unknown}
 c - 5 scrolls of fog
 d - 2 scrolls of magic mapping
 e - a scroll of fear
 m - a scroll of immolation {unknown}
 o - a scroll of noise {unknown}
 p - 5 scrolls of enchant armour
 q - a scroll of amnesia {unknown}
 s - 2 scrolls of poison {unknown}
 x - a scroll of brand weapon {unknown}
 A - 2 scrolls of teleportation {unknown}
 E - a scroll of torment {unknown}
 H - a scroll of vulnerability {unknown}
Potions
 f - 5 potions of haste
 h - 3 potions of might
 l - 5 potions of attraction
 n - 5 potions of heal wounds
 w - 4 potions of curing
 z - 2 potions of ambrosia
 F - a potion of invisibility


   Skills:
 + Level 7.2 Fighting
 + Level 5.7 Maces & Flails
 - Level 1.7 Polearms
 + Level 5.9 Armour
 + Level 6.3 Dodging
 - Level 4.5 Stealth
 + Level 5.8 Shields
 + Level 6.3 Evocations


You had 9 spell levels left.
You didn't know any spells.
Your spell library contained the following spells:

 Spells                   Type           Power      Damage    Failure   Level
 Sandblast                Erth           0%         2d4       86%         1
 Passwall                 Tmut/Erth      0%         N/A       93%         2
 Call Canine Familiar     Summ           0%         N/A       99%         3
 Gell's Gravitas          Tloc           0%         N/A       99%         3
 Lesser Beckoning         Tloc           0%         N/A       99%         3
 Portal Projectile        Hex/Tloc       0%         N/A       99%         3
 Stone Arrow              Conj/Erth      0%         3d7       99%         3
 Summon Guardian Golem    Hex/Summ       0%         N/A       99%         3
 Teleport Other           Tloc           0%         N/A       99%         3
 Leda's Liquefaction      Hex/Erth       0%         N/A       100%        4
 Orb of Destruction       Conj           0%         9d5       100%        7
 Spellforged Servitor     Conj/Summ      0%         N/A       100%        7


Dungeon Overview and Level Annotations

Branches:
Dungeon (9/15)             Temple (1/1) D:7
   Lair: D:8-11         Orc: D:9-12

Altars:
Ashenzari
Cheibriados
Fedhas
Gozag
Hepliaklqana
Kikubaaqudgha
Makhleb
Nemelex Xobeh
Okawaru
Qazlal
Ru
Sif Muna
Trog
Uskayaw
Vehumet
Wu Jian
Xom
Yredelemnul

Shops:
D:1 *   D:3 [

Annotations:
D:3 1 runed translucent door
D:9 1 transporter, exclusion: oklob plant


Innate Abilities, Weirdness & Mutations

You are partially covered in icy blue scales. (AC +2)
You may rarely emit foul miasma when damaged in melee.
A meltable shield of frost defends you. (SH +4)
Your touch may inflict irresistible damage on your foes.
You do not regenerate when monsters are visible.
You are weak. (Str -2)
You occasionally lose the ability to read scrolls when taking damage.


Message History

You barely miss the large abomination.
You block the large abomination's attack.
You sock the large abomination!
The large abomination is moderately damaged.
The large abomination hits you!!
You hit the large abomination.
The large abomination is moderately damaged.
The large abomination closely misses you.
You sock the large abomination!
The large abomination is heavily damaged.
You block the large abomination's attack.
You hit the large abomination.
The large abomination is heavily damaged.
You hit the large abomination but do no damage.
The large abomination is heavily damaged.
You block the large abomination's attack.
You sock the large abomination!
The large abomination is severely damaged.
The large abomination hits you!!
You hit the large abomination.
The large abomination is almost destroyed.
You block the large abomination's attack.
You hit the large abomination.
The large abomination is almost destroyed.
You block the large abomination's attack.
You hit the large abomination.
The large abomination is almost destroyed.
The large abomination barely misses you.
You hit the large abomination.
The large abomination is almost destroyed.
The large abomination barely misses you.
You hit the large abomination but do no damage.
The large abomination is almost destroyed.
The large abomination hits you but does no damage.
You hit the large abomination.
The large abomination is almost destroyed.
The large abomination hits you!!
You feel threatened and lose the ability to read scrolls!
You die...
Your body crumbles into a pile of gold.

.. # #... ## #
.## .#..# . # .
## #. .. . #.#.
≈# ## ...# .
###.. #. #
##....#.....
...≈# . .. .#..
.#.. ≈.≈. .#
#...#...#.##..≈#
# ..
......#.X..≈###.
.. #..#..@## ..#
#. ##......#.. .
##......# .
#..#.##.. #
#..### ###§#
..#.# ## # ### #


You could see a large abomination.

Vanquished Creatures
  Gastronok (D:8)
  2 wraiths
  The ghost of Bediveer the Shooter, an amateur DgHu (D:3)
  A neqoxec (Abyss:1)
  9 yaks
  2 water moccasins
  2 orc warriors (D:7)
  An ice beast (D:6)
  2 black bears
  2 ogres
  2 centaurs
  A phantom (D:6)
  Blork the orc (D:4)
  A kobold brigand (D:7)
  A gnoll sergeant (D:7)
  3 bullfrogs
  4 necrophages
  3 scorpions
  3 wights
  3 howler monkeys (D:9)
  2 jellies
  Crazy Yiuf (D:2)
  8 orc priests
  2 gnoll boudas (D:5)
  7 hounds
  3 iguanas
  2 orc wizards
  A hound skeleton (D:4)
  Robin (D:1)
  6 adders
  12 gnolls
  A white imp (D:7)
  3 worms
  18 orcs
  8 bats
  6 endoplasms
  3 giant cockroaches
  17 goblins
  9 hobgoblins
  12 kobolds
  5 quokkas
  8 ball pythons
  A frilled lizard (D:1)
  7 rats
188 creatures vanquished.

Notes
Turn   | Place    | Note
-------+----------+-------------------------------------------
     0 | D:5      | flotson the Demonspawn Delver began the quest for the Orb.
     0 | D:5      | Reached XP level 1. HP: 18/18 MP: 1/1
    16 | D:5      | Identified the +0 tower shield "Dined" {Will- Str+3 Dex+2
                  | Stlth+}
    26 | D:5      | Noticed a necrophage
    27 | D:5      | Noticed a hound
    37 | D:4      | Noticed a hound
   174 | D:4      | Found a shimmering blue altar of Sif Muna.
   222 | D:4      | Found a shimmering altar of Xom.
   239 | D:4      | Noticed Blork the orc
   303 | D:3      | Gained mutation: You may rarely emit foul miasma when
                  | damaged in melee. [demonic ancestry]
   303 | D:3      | Reached XP level 2. HP: 10/24 MP: 2/2
   793 | D:1      | Reached skill level 1 in Evocations
   793 | D:1      | Gained mutation: Your touch may inflict minor irresistible
                  | damage on your foes. [demonic ancestry]
   793 | D:1      | Reached XP level 3. HP: 29/29 MP: 3/3
   875 | D:1      | Reached skill level 1 in Armour
   913 | D:1      | Reached skill level 1 in Shields
   982 | D:1      | Found Zuqyatij's General Store.
   986 | D:1      | Bought a scroll of identify for 22 gold pieces
  1367 | D:2      | Noticed Robin
  1367 | D:2      | Found a faded altar of an unknown god.
  1402 | D:1      | Killed Robin
  1641 | D:2      | Reached XP level 4. HP: 13/35 MP: 4/4
  2047 | D:2      | Found a runed translucent door.
  2048 | D:2      | Noticed Crazy Yiuf
  2050 | D:2      | Identified the +4 hammer of Luskudgh {venom, Drain rPois
                  | rC+ Dex+7}
  3118 | D:3      | Found a runed translucent door.
  3125 | D:3      | Noticed Bediveer's ghost (amateur DgHu)
  3132 | D:3      | Noticed a black bear
  3143 | D:3      | Killed a black bear
  3144 | D:3      | Reached skill level 1 in Maces & Flails
  3144 | D:3      | Reached XP level 5. HP: 22/42 MP: 5/5
  3428 | D:3      | Found a runed translucent door.
  3606 | D:3      | Found Onedese's Antique Armour Emporium.
  3914 | D:4      | Killed Blork the orc
  3915 | D:4      | Gained mutation: A meltable shield of frost defends you.
                  | (SH +4) [demonic ancestry]
  3915 | D:4      | Reached XP level 6. HP: 42/48 MP: 6/6
  4024 | D:4      | Reached skill level 4 in Fighting
  4301 | D:4      | Found a burning altar of Makhleb.
  4314 | D:4      | Reached XP level 7. HP: 48/54 MP: 7/7
  5140 | D:5      | Found a hide-covered altar of Uskayaw.
  5610 | D:5      | Gained mutation: You are partially covered in icy blue
                  | scales. (AC +2) [demonic ancestry]
  5610 | D:5      | Reached XP level 8. HP: 48/61 MP: 8/8
  6020 | D:2      | Killed Crazy Yiuf
  6369 | D:6      | Reached skill level 5 in Fighting
  6912 | D:6      | Found a basalt altar of Yredelemnul.
  6914 | D:6      | Noticed a profane servitor
  7020 | D:6      | Found a radiant altar of Vehumet.
  7298 | D:6      | Noticed an angel
  7452 | D:3      | Killed Bediveer's ghost
  7453 | D:3      | Gained mutation: Your touch may inflict irresistible damage
                  | on your foes. [demonic ancestry]
  7453 | D:3      | Reached XP level 9. HP: 45/69 MP: 9/9
  7904 | D:6      | Reached skill level 5 in Dodging
  8182 | D:7      | Reached skill level 6 in Fighting
  8182 | D:7      | Reached skill level 5 in Evocations
  8511 | D:7      | Found a hazy altar of Hepliaklqana.
  8537 | D:7      | Found a staircase to the Ecumenical Temple.
  8552 | Temple   | Entered the Ecumenical Temple
  9204 | D:8      | Noticed Gastronok
  9477 | D:7      | Reached skill level 5 in Armour
  9836 | D:8      | Killed Gastronok
  9837 | D:8      | Reached skill level 5 in Maces & Flails
  9837 | D:8      | Reached skill level 5 in Shields
  9837 | D:8      | Reached XP level 10. HP: 77/77 MP: 10/10
 10454 | D:9      | Noticed a white ugly thing
 10455 | D:9      | Noticed a gargoyle
 10494 | D:9      | Reached skill level 7 in Fighting
 10559 | D:9      | Noticed a two-headed ogre
 10755 | D:9      | Found an opulent altar of Gozag.
 10804 | D:9      | Became a worshipper of Gozag Ym Sagoz the Greedy
 10889 | D:9      | Found a transporter.
 10892 | D:9      | Noticed an oklob plant
 10931 | Abyss:1  | Cast into level 1 of the Abyss (gnoll sergeant)
 10999 | Abyss:1  | Noticed an apocalypse crab
 11111 | Abyss:1  | Gained mutation: You are weak. (Str -2) [a neqoxec]
 11115 | Abyss:1  | Gained mutation: You occasionally lose the ability to read
                  | scrolls when taking damage. [a neqoxec]
 11117 | Abyss:1  | Gained mutation: You do not regenerate when monsters are
                  | visible. [a neqoxec]
 11133 | Abyss:1  | Slain by a large abomination

Illustrated notes

Levels and vault maps discovered:
D:1:      dpeg_arrival_arbitrary_c, layout_basic, serial_shops, shop
D:2:      layout_basic, ebering_ecumenical_altar_ruins, uniq_robin,
          uniq_crazy_yiuf_cottage
D:3:      layout_basic, serial_shops, shop, ebering_ghost_sewer_f
D:4:      layout_loops_ring, mainiacjoe_overflow_concentric_impassable,
          makhleb_blood_cavern_becter, mainiacjoe_overflow_tiny_flanked,
          uniq_blork_the_orc
D:5:      layout_cave_pools, mainiacjoe_overflow_small_starburst,
          grunt_ministairs_4, kennysheep_doodads
D:6:      layout_basic, grunt_temple_overflow_holy_war, kennysheep_mini_moat
D:7:      layout_cave_pools, amcnicky_altar_gilded,
          minmay_temple_entry_crystal_x
D:8:      layout_rooms, minmay_misc_feat_five, uniq_gastronok
D:9:      layout_small_grid, grunt_temple_overflow_gold_and_silver,
          nzn_ghost_randoct, kennysheep_generic_room_11
Temple:   minmay_temple_curvy_loop
Abyss:1:  base: D:7, base:
D:7

Skill      XL: |  1  2  3  4  5  6  7  8  9 10 |
---------------+-------------------------------+-----
Dodging        | 2 3 4 5 6 |  6.3
Evocations     | 1 2 3 4 5 6 |  6.3
Armour         | 1 2 3 4 5 |  5.9
Shields        | 1 2 3 4 5 |  5.8
Maces & Flails | 1 2 4 5 |  5.7
Fighting       | 4 5 6 7 |  7.2
Polearms       | |  1.7
Stealth        | |  4.5

Action                   |  1- 3 |  4- 6 |  7- 9 | 10-12 || total
-------------------------+-------+-------+-------+-------++-------
Melee: Spear             |   100 |    27 |       |       ||   127
       Mace              |       |    93 |   287 |   120 ||   500
Throw: Javelin           |       |       |     6 |       ||     6
       Dart              |       |       |     2 |       ||     2
Evoke: Wand              |       |       |     5 |       ||     5
  Use: Scroll            |       |       |     9 |     1 ||    10
 Stab: Sleeping          |    16 |    10 |     5 |     1 ||    32
Armor: Leather armour    |    10 |       |       |       ||    10
       Robe              |    10 |    29 |    76 |    16 ||   131
Dodge: Dodged            |    30 |    36 |   138 |    35 ||   239
Block: Tower shield      |    65 |   103 |   424 |   114 ||   706

Table legend: (Time is in decaauts)
 A = Elapsed time spent in this place.
 B = Non-inter-level travel time spent in this place.
 C = Inter-level travel time spent in this place.
 D = Time resting spent in this place.
 E = Time spent auto-exploring this place.
 F = Levels seen in this place.
 G = Mean time per level.
                   A        B        C        D        E       F      G
               +--------+--------+--------+--------+--------+-----+--------+
         Total |  11569 |  10756 |    813 |   1205 |   7068 |  11 | 1051.7 |
       Dungeon |  11137 |  10348 |    789 |   1134 |   6826 |   9 | 1237.4 |
        Temple |    219 |    195 |     24 |      0 |    192 |   1 |  219.0 |
         Abyss |    212 |    212 |      0 |     71 |     50 |   1 |  212.0 |
               +--------+--------+--------+--------+--------+-----+--------+

Top non-repeatable levels by time:
     D:4: 1868 daAuts
     D:2: 1745 daAuts
     D:7: 1346 daAuts
     D:3: 1292 daAuts
     D:6: 1239 daAuts
     D:5: 1117 daAuts
     D:1: 1002 daAuts
     D:8: 936 daAuts
     D:9: 589 daAuts
  Temple: 219 daAuts
 Abyss:1: 212 daAuts
